TOP OF THE 1ST |
Fort Myers Miracle batting - Pitching for Daytona Tortugas : LHP Josue Silva
|
Pitching: LHP Josue Silva
|
|
Batting: LHB Marshall Daul
|
0-0: Called Strike 0-1: Ball 1-1: Ball 2-1: Ball 3-1: Called Strike 3-2: Foul Ball, location: 2F 3-2: Foul Ball, location: 2F 3-2: Base on Balls
|
Batting: RHB John Dew
|
0-0: Ball Marshall Daul is caught stealing 2nd base 2-4 1-0: Ball 2-0: Ball 3-0: Base on Balls
|
Batting: RHB Michael McDonald
|
0-0: Ball 1-0: Called Strike 1-1: Ball 2-1: Ball 3-1: Called Strike 3-2: Foul Ball, location: 2F 3-2: Ground out 6-3 (Groundball, 56, EV 102.5 MPH) John Dew to second
|
Batting: RHB Ryan Gautney
|
0-0: Ball 1-0: Called Strike 1-1: Ball 2-1: Ground out 6-3 (Groundball, 6, EV 97.5 MPH)
|
Top of the 1st over - 0 runs, 0 hits, 0 errors, 1 left on base; Fort Myers 0 - Daytona 0 |
BOTTOM OF THE 1ST |
Daytona Tortugas batting - Pitching for Fort Myers Miracle : LHP Bobby Molina
|
Pitching: LHP Bobby Molina
|
|
Batting: RHB Dusty Pollert
|
0-0: Called Strike 0-1: Foul Ball, location: 2F 0-2: Ball 1-2: Ball 2-2: Foul Ball, location: 2F 2-2: Strikes out swinging, 2-3 out at first.
|
Batting: RHB Pedro Pinero
|
0-0: Ball 1-0: SINGLE (Groundball, 3D, EV 106.2 MPH)
|
Batting: SHB Bryan Johnston
|
0-0: Foul Ball, location: 2F 0-1: Ball 1-1: Foul Ball, location: 2F 1-2: Ground out 5-3 (Groundball, 56, EV 89.4 MPH) Pedro Pinero to second
|
Batting: RHB Danny Real
|
0-0: Ball 1-0: Called Strike 1-1: Ball 2-1: Reached on error, E5 (Groundball, 5, EV 99.4 MPH) Pedro Pinero to third
|
Batting: RHB Jonathan Robies
|
0-0: Ball 1-0: Ball 2-0: SINGLE (Groundball, 6MD, EV 103.1 MPH) Pedro Pinero scores Danny Real to second Runner from 2nd tries for 3rd, SAFE, throw by CF made at trailing runner, OUT! 8-4
|
Bottom of the 1st over - 1 run, 2 hits, 1 error, 1 left on base; Fort Myers 0 - Daytona 1 |
TOP OF THE 2ND |
Fort Myers Miracle batting - Pitching for Daytona Tortugas : LHP Josue Silva
|
Batting: LHB Tomas Espino
|
0-0: Ball 1-0: Ball 2-0: Foul Ball, location: 2F 2-1: Swinging Strike 2-2: Foul Ball, location: 2F 2-2: Ball 3-2: Strikes out looking
|
Batting: RHB Kevin Harris
|
0-0: Ball 1-0: Called Strike 1-1: Fly out, F9 (Flyball, 9, EV 96.2 MPH)
|
Batting: RHB Tony Crespo
|
0-0: Ball 1-0: Ball 2-0: Called Strike 2-1: Swinging Strike 2-2: Ball 3-2: Foul Ball, location: 2F 3-2: Fly out, F5 (Popup, 5, EV 62.5 MPH)
|
Top of the 2nd over - 0 runs, 0 hits, 0 errors, 0 left on base; Fort Myers 0 - Daytona 1 |
BOTTOM OF THE 2ND |
Daytona Tortugas batting - Pitching for Fort Myers Miracle : LHP Bobby Molina
|
Batting: LHB Manny Ruvalcaba
|
0-0: Ball 1-0: Foul Ball, location: 2F 1-1: Foul Ball, location: 2F 1-2: Foul Ball, location: 2F 1-2: Ground out U3 (Groundball, 23, EV 81.9 MPH)
|
Batting: RHB Sang-ton Pak
|
0-0: Foul Ball, location: 2F 0-1: Ball 1-1: Called Strike 1-2: Foul Ball, location: 2F 1-2: Ground out 6-3 (Groundball, 56, EV 100.6 MPH)
|
Batting: RHB Jon Marquez
|
0-0: Ball 1-0: Called Strike 1-1: SINGLE (Groundball, 34D, EV 111.2 MPH)
|
Batting: RHB Tim Wormell
|
0-0: Ball 1-0: Called Strike 1-1: Ball Jon Marquez is caught stealing 2nd base 2-4
|
Bottom of the 2nd over - 0 runs, 1 hit, 0 errors, 0 left on base; Fort Myers 0 - Daytona 1 |
TOP OF THE 3RD |
Fort Myers Miracle batting - Pitching for Daytona Tortugas : LHP Josue Silva
|
Batting: SHB Manny Molina
|
0-0: Foul Ball, location: 2F 0-1: Ball 1-1: Ball 2-1: Foul Ball, location: 2F 2-2: Foul Ball, location: 2F 2-2: Ball 3-2: Strikes out swinging
|
Batting: LHB Hector Olvera
|
0-0: Fly out, F9 (Flyball, 9, EV 95.0 MPH)
|
Batting: LHB Marshall Daul
|
0-0: Ball 1-0: Swinging Strike 1-1: Ball 2-1: Called Strike 2-2: Foul Ball, location: 2F 2-2: Strikes out swinging
|
Top of the 3rd over - 0 runs, 0 hits, 0 errors, 0 left on base; Fort Myers 0 - Daytona 1 |
BOTTOM OF THE 3RD |
Daytona Tortugas batting - Pitching for Fort Myers Miracle : LHP Bobby Molina
|
Batting: RHB Tim Wormell
|
0-0: Ground out 5-3 (Groundball, 56, EV 88.8 MPH)
|
Batting: RHB Dusty Pollert
|
0-0: Ball 1-0: Called Strike 1-1: Ball 2-1: Ball 3-1: Called Strike 3-2: Foul Ball, location: 2F 3-2: TRIPLE (Flyball, 89XD, EV 113.1 MPH)
|
Batting: RHB Pedro Pinero
|
0-0: SINGLE (Groundball, 4MD, EV 101.2 MPH) Dusty Pollert scores
|
Batting: SHB Bryan Johnston
|
0-0: Called Strike Pickoff Throw to First - Out! 1-3 CS 0-1: Foul Ball, location: 2F 0-2: Strikes out looking
|
Bottom of the 3rd over - 1 run, 2 hits, 0 errors, 0 left on base; Fort Myers 0 - Daytona 2 |
TOP OF THE 4TH |
Fort Myers Miracle batting - Pitching for Daytona Tortugas : LHP Josue Silva
|
Batting: RHB John Dew
|
0-0: Called Strike 0-1: Ball 1-1: Ball 2-1: Ball 3-1: Foul Ball, location: 2F 3-2: Strikes out looking
|
Batting: RHB Michael McDonald
|
0-0: Called Strike 0-1: Foul Ball, location: 2F 0-2: Strikes out looking
|
Batting: RHB Ryan Gautney
|
0-0: Ball 1-0: Foul Ball, location: 2F 1-1: Ball 2-1: Ball 3-1: Called Strike 3-2: Base on Balls
|
Batting: LHB Tomas Espino
|
0-0: Ball 1-0: Ball 2-0: Fly out, F7 (Flyball, 7S, EV 89.4 MPH)
|
Top of the 4th over - 0 runs, 0 hits, 0 errors, 1 left on base; Fort Myers 0 - Daytona 2 |
BOTTOM OF THE 4TH |
Daytona Tortugas batting - Pitching for Fort Myers Miracle : LHP Bobby Molina
|
Batting: RHB Danny Real
|
0-0: Called Strike 0-1: Foul Ball, location: 2F 0-2: Ball 1-2: Strikes out swinging
|
Batting: RHB Jonathan Robies
|
0-0: Ball 1-0: Ball 2-0: Foul Ball, location: 2F 2-1: Foul Ball, location: 2F 2-2: Strikes out looking
|
Batting: LHB Manny Ruvalcaba
|
0-0: Ball 1-0: Ball 2-0: DOUBLE (Line Drive, 89D, EV 102.5 MPH)
|
Batting: RHB Sang-ton Pak
|
0-0: Ball 1-0: Ball 2-0: Ball Passed Ball! Manny Ruvalcaba to third 3-0: Base on Balls
|
Batting: RHB Jon Marquez
|
0-0: Ball 1-0: Ball 2-0: Fielders Choice at 2nd, 6-4 (Groundball, 6, EV 83.1 MPH)
|
Bottom of the 4th over - 0 runs, 1 hit, 0 errors, 2 left on base; Fort Myers 0 - Daytona 2 |
TOP OF THE 5TH |
Fort Myers Miracle batting - Pitching for Daytona Tortugas : LHP Josue Silva
|
Batting: RHB Kevin Harris
|
0-0: Called Strike 0-1: Called Strike 0-2: Strikes out swinging
|
Batting: RHB Tony Crespo
|
0-0: Ball 1-0: Ball 2-0: Called Strike 2-1: Ball 3-1: Swinging Strike 3-2: Base on Balls
|
Pitching: RHP Marcus Jackson
|
|
Batting: SHB Manny Molina
|
0-0: Called Strike Tony Crespo steals 2nd base 0-1: Swinging Strike 0-2: Strikes out swinging
|
Batting: LHB Hector Olvera
|
0-0: Foul Ball, location: 2F 0-1: Ball 1-1: Ball 2-1: SINGLE (Line Drive, 4M, EV 98.8 MPH) Tony Crespo to third Runner from 3rd tries for Home, throw by CF and OUT! 8-2
|
Top of the 5th over - 0 runs, 1 hit, 0 errors, 1 left on base; Fort Myers 0 - Daytona 2 |
BOTTOM OF THE 5TH |
Daytona Tortugas batting - Pitching for Fort Myers Miracle : LHP Bobby Molina
|
Batting: RHB Tim Wormell
|
0-0: Swinging Strike 0-1: Ball 1-1: Foul Ball, location: 2F 1-2: Strikes out swinging
|
Batting: RHB Dusty Pollert
|
0-0: Foul Ball, location: 2F 0-1: Ball 1-1: SINGLE (Groundball, 6M, EV 100.6 MPH) (infield hit)
|
Batting: RHB Pedro Pinero
|
0-0: Ball 1-0: Foul Ball, location: 2F 1-1: Grounds into double play, 6-4-3 (Groundball, 6, EV 101.9 MPH)
|
Bottom of the 5th over - 0 runs, 1 hit, 0 errors, 0 left on base; Fort Myers 0 - Daytona 2 |
TOP OF THE 6TH |
Fort Myers Miracle batting - Pitching for Daytona Tortugas : RHP Marcus Jackson
|
Batting: LHB Marshall Daul
|
0-0: Swinging Strike 0-1: Swinging Strike 0-2: Ball 1-2: Ball 2-2: Strikes out swinging
|
Batting: RHB John Dew
|
0-0: Ball 1-0: Called Strike 1-1: Ball 2-1: Ball 3-1: Called Strike 3-2: Strikes out swinging
|
Batting: RHB Michael McDonald
|
0-0: Foul Ball, location: 2F 0-1: Called Strike 0-2: Ball 1-2: Ground out U3 (Groundball, 3S, EV 70.0 MPH)
|
Top of the 6th over - 0 runs, 0 hits, 0 errors, 0 left on base; Fort Myers 0 - Daytona 2 |
BOTTOM OF THE 6TH |
Daytona Tortugas batting - Pitching for Fort Myers Miracle : LHP Bobby Molina
|
Batting: SHB Bryan Johnston
|
0-0: Swinging Strike 0-1: Ball 1-1: Ball 2-1: Swinging Strike 2-2: Strikes out swinging
|
Batting: RHB Danny Real
|
0-0: Called Strike 0-1: Ball 1-1: Called Strike 1-2: Strikes out swinging
|
Batting: RHB Jonathan Robies
|
0-0: Called Strike 0-1: SOLO HOME RUN (Flyball, 7D, EV 97.5 MPH), Distance : 361 ft
|
Batting: LHB Manny Ruvalcaba
|
0-0: Called Strike 0-1: Swinging Strike 0-2: Ball 1-2: Ball 2-2: Strikes out swinging
|
Bottom of the 6th over - 1 run, 1 hit, 0 errors, 0 left on base; Fort Myers 0 - Daytona 3 |
TOP OF THE 7TH |
Fort Myers Miracle batting - Pitching for Daytona Tortugas : RHP Marcus Jackson
|
Batting: RHB Ryan Gautney
|
0-0: Ball 1-0: DOUBLE (Flyball, 8RXD, EV 111.2 MPH)
|
Batting: LHB Tomas Espino
|
0-0: Ball 1-0: Swinging Strike 1-1: Swinging Strike 1-2: DOUBLE (Flyball, 78D, EV 108.8 MPH) Ryan Gautney scores
|
Batting: RHB Kevin Harris
|
0-0: Swinging Strike 0-1: Called Strike 0-2: Ball 1-2: Foul Ball, location: 2F 1-2: Ball 2-2: Strikes out swinging
|
Pitching: RHP Justin Ambrose
|
|
Pinch Hitting: LHB Chris Munguia
|
0-0: Ball 1-0: SINGLE (Groundball, 4, EV 97.5 MPH) Tomas Espino to third Runner from 3rd tries for Home, SAFE, throw by CF to home
|
Batting: SHB Manny Molina
|
0-0: Ball Chris Munguia steals 2nd base 1-0: Called Strike 1-1: Swinging Strike 1-2: Strikes out looking
|
Batting: LHB Hector Olvera
|
0-0: Called Strike 0-1: Foul Ball, location: 2F 0-2: Ball 1-2: Strikes out swinging
|
Top of the 7th over - 2 runs, 3 hits, 0 errors, 1 left on base; Fort Myers 2 - Daytona 3 |
BOTTOM OF THE 7TH |
Daytona Tortugas batting - Pitching for Fort Myers Miracle : LHP Bobby Molina
|
Now in LF: Chris Munguia
|
|
Now in CF: Marshall Daul
|
|
Batting: RHB Sang-ton Pak
|
0-0: Ground out 4-3 (Groundball, 4, EV 86.9 MPH)
|
Batting: RHB Jon Marquez
|
0-0: Foul Ball, location: 2F 0-1: Ground out U3 (Groundball, 3, EV 107.5 MPH)
|
Batting: RHB Tim Wormell
|
0-0: SOLO HOME RUN (Flyball, 78XD, EV 98.1 MPH), Distance : 385 ft
|
Batting: RHB Dusty Pollert
|
0-0: Called Strike 0-1: Called Strike 0-2: Ball 1-2: Ball 2-2: Ball 3-2: Strikes out swinging
|
Bottom of the 7th over - 1 run, 1 hit, 0 errors, 0 left on base; Fort Myers 2 - Daytona 4 |
TOP OF THE 8TH |
Fort Myers Miracle batting - Pitching for Daytona Tortugas : RHP Justin Ambrose
|
Batting: LHB Marshall Daul
|
0-0: Ball 1-0: Foul Ball, location: 2F 1-1: Foul Ball, location: 2F 1-2: Ball 2-2: Foul Ball, location: 2F 2-2: Ball 3-2: Foul Ball, location: 2F 3-2: Fly out, F8 (Flyball, 8RS, EV 91.9 MPH)
|
Pinch Hitting: SHB Matt Urbani
|
0-0: Foul Ball, location: 2F 0-1: Ball 1-1: Called Strike 1-2: Ball 2-2: DOUBLE (Line Drive, 78D, EV 105.6 MPH)
|
Batting: RHB Michael McDonald
|
0-0: Ball 1-0: Foul Ball, location: 2F 1-1: Ball 2-1: Foul Ball, location: 2F 2-2: Ball 3-2: Foul Ball, location: 2F 3-2: Fly out, F8 (Flyball, 89M, EV 88.8 MPH)
|
Pitching: RHP Juan Hernandez
|
|
Batting: RHB Ryan Gautney
|
0-0: Ball 1-0: Ball 2-0: Called Strike 2-1: Foul Ball, location: 2F 2-2: Foul Ball, location: 2F 2-2: Foul Ball, location: 2F 2-2: Strikes out swinging
|
Top of the 8th over - 0 runs, 1 hit, 0 errors, 1 left on base; Fort Myers 2 - Daytona 4 |
BOTTOM OF THE 8TH |
Daytona Tortugas batting - Pitching for Fort Myers Miracle : LHP Bobby Molina
|
Now at 2B: Leo Gonzalez
|
|
Batting: RHB Pedro Pinero
|
0-0: Ball 1-0: SOLO HOME RUN (Flyball, 78XD, EV 111.9 MPH), Distance : 453 ft
|
Batting: SHB Bryan Johnston
|
0-0: Ball 1-0: Ball 2-0: Ball 3-0: Called Strike 3-1: Called Strike 3-2: Base on Balls
|
Pitching: LHP David Gordon
|
|
Batting: RHB Danny Real
|
0-0: Fielders Choice at 2nd, 5-4 (Groundball, 56S, EV 85.6 MPH)
|
Batting: RHB Jonathan Robies
|
0-0: Called Strike 0-1: Called Strike 0-2: Ball 1-2: Strikes out swinging
|
Batting: LHB Manny Ruvalcaba
|
0-0: Ball 1-0: Ball 2-0: Called Strike Danny Real steals 2nd base (no throw) 2-1: Swinging Strike 2-2: Foul Ball, location: 2F 2-2: Ball 3-2: Strikes out swinging, 2-3 out at first.
|
Bottom of the 8th over - 1 run, 1 hit, 0 errors, 1 left on base; Fort Myers 2 - Daytona 5 |
TOP OF THE 9TH |
Fort Myers Miracle batting - Pitching for Daytona Tortugas : RHP Juan Hernandez
|
Pitching: RHP Giovonni Morgia
|
|
Batting: LHB Tomas Espino
|
0-0: Called Strike 0-1: SINGLE (Groundball, 23, EV 71.9 MPH) (infield hit)
|
Batting: RHB Kevin Harris
|
0-0: Ball 1-0: Ball 2-0: Ball 3-0: Called Strike 3-1: Base on Balls Tomas Espino to second
|
Batting: LHB Chris Munguia
|
0-0: Called Strike 0-1: Foul Ball, location: 2F 0-2: Ball 1-2: Foul Ball, location: 2F 1-2: Ball 2-2: Foul Ball, location: 2F 2-2: Ball 3-2: Strikes out looking
|
Batting: SHB Manny Molina
|
0-0: Ball 1-0: Ball 2-0: Ball 3-0: Called Strike 3-1: Called Strike 3-2: Base on Balls Tomas Espino to third Kevin Harris to second
|
Batting: LHB Hector Olvera
|
0-0: Called Strike 0-1: Foul Ball, location: 2F 0-2: Ball 1-2: Foul Ball, location: 2F 1-2: Foul Ball, location: 2F 1-2: Ball 2-2: Foul Ball, location: 2F 2-2: Foul Ball, location: 2F 2-2: Ball 3-2: Strikes out swinging
|
Pitching: RHP Ken Armstrong
|
|
Batting: LHB Marshall Daul
|
0-0: Ground out 4-3 (Groundball, 34D, EV 106.2 MPH)
|
Top of the 9th over - 0 runs, 1 hit, 0 errors, 3 left on base; Fort Myers 2 - Daytona 5 |
|